 Dungeon Crawl Stone Soup version 0.18-a0-1035-g72c9994 (webtiles) character file.

7 Duffy the Firebug (level 1, -3/13 HPs)
             Began as a Mummy Fire Elementalist on Jan 9, 2016.
             Slain by a kobold
             ... wielding a +0 short sword
              (4 damage)
             ... on level 1 of the Dungeon.
             The game lasted 00:01:03 (253 turns).

Duffy the Firebug (Mummy Fire Elementalist)          Turns: 253, Time: 00:01:03

Health: -3/13      AC:  2    Str: 11    XL:     1   Next: 83%
Magic:  3/3        EV: 12    Int: 14    God:
Gold:   0          SH:  0    Dex: 12    Spells: 1 memorised, 3 levels left

rFire  x . .     SeeInvis .     (no weapon)
rCold  + . .     Gourm    .     d - +0 robe (curse)
rNeg   + + +     Faith    .     (no shield)
rPois  ∞         Spirit   .     (no helmet)
rElec  .         Dismiss  .     (no cloak)
rCorr  .         Reflect  .     (no gloves)
SustAt .         Harm     .     (no boots)
MR     .....                    (no amulet)
Stlth  ++........               (no ring)
                                (no ring)

@: not resistant to hostile enchantments, unstealthy
A: no food or potions, fire vulnerability, cold resistance 1, negative energy
resistance 3, torment resistance, unbreathing
a: no special abilities


You were on level 1 of the Dungeon.
You were not hungry.

You visited 1 branch of the dungeon, and saw 1 of its levels.


Innate Abilities, Weirdness & Mutations

You do not eat or drink.
Your flesh is vulnerable to fire.
You are immune to poison.
Your flesh is cold resistant.
You are immune to negative energy.
You are immune to unholy pain and torment.
You can survive without breathing.


   Skills:
 - Level 1.5 Dodging
 - Level 1.5 Stealth
 - Level 2.0 Spellcasting
 + Level 1.5 Conjurations
 - Level 2.4 Fire Magic


You had 3 spell levels left.
You knew the following spells:

 Your Spells              Type           Power        Failure   Level  Hunger
a - Flame Tongue          Conj/Fire      #....        14%         1    N/A

Inventory:

Armour
 a - a +0 robe
 d - a cursed +0 robe (worn)
Scrolls
 c - a scroll of identify {unknown}
Books
 b - a book of Flames

Dungeon Overview and Level Annotations

Branches:
Dungeon (1/15)

Altars:


Message History

You can't see any susceptible monsters within range! (Use Z to cast anyway.)
A hobgoblin comes into view. It is wielding a club.
The hobgoblin shouts!
The hobgoblin hits you with a club.
Found a stone staircase leading down.
You hit the hobgoblin.
The hobgoblin is moderately wounded.
The hobgoblin hits you with a club.
A kobold comes into view. It is wielding a short sword.
The kobold shouts!
The hobgoblin misses you.
The kobold throws a stone.
The stone hits you but does no damage.
You see here a stone.
Found a scroll labeled XUUMER MATUORE.
The kobold throws a stone.
The stone barely misses you. The hobgoblin barely misses you.
The kobold hits you with a short sword. The kobold barely misses you.
The kobold throws a stone.
The stone closely misses you.
There is a stone staircase leading down here.
The hobgoblin barely misses you. The kobold hits you but does no damage.
You barely miss the kobold. The hobgoblin closely misses you.
The kobold barely misses you.
You closely miss the kobold. The hobgoblin closely misses you.
The kobold closely misses you.
You hit the kobold.
The kobold is severely wounded.
The hobgoblin hits you with a club. The kobold barely misses you.
You barely miss the kobold.
The kobold is severely wounded.
The hobgoblin misses you. The kobold closely misses you.
You closely miss the kobold.
The kobold is severely wounded.
The hobgoblin misses you. The kobold hits you with a short sword.
You die...

.)#.#.#.#..##.....#
.#.#.#.#.#...#....#
#.$#.#.#.(#.......#
..#..#..#..#.. .#.#
..#..#..#...#. #..#
.#...#...#.... #..#######
.....#........ #.........
............####.>.......
#.#####..#####.g@........
#....!.........K........#
###.....................#
........%(.(.......?....#
.....................####
.....................#
...............##......
......########## ######
#######


You could see a hobgoblin and a kobold.

Action                   || total
-------------------------++-------
Melee: Unarmed           ||     6
 Cast: Flame Tongue      ||    15

Notes
Turn   | Place    | Note
--------------------------------------------------------------
     0 | D:1      | Duffy the Mummy Fire Elementalist began the quest for the Orb.
     0 | D:1      | Reached XP level 1. HP: 13/13 MP: 3/3
    58 | D:1      | Reached skill level 1 in Conjurations
   253 | D:1      | Slain by a kobold

Vault maps used:
D:1:      minmay_arrival_radiant_lines, minmay_misc_feat_doors

Vanquished Creatures
  3 goblins
  A hobgoblin
  A kobold
  A giant newt
6 creatures vanquished.
